 Dungeon Crawl Stone Soup version 0.30-a0-723-gc1506a1cf0 (webtiles) character file.

Game seed: 4476567080805800202

49 jimonade the Sneak (level 3, -6/32 HPs)
             Began as a Naga Brigand on Jan 28, 2023.
             Mangled by a worm (11 damage)
             ... on level 3 of the Dungeon.
             The game lasted 00:03:40 (2113 turns).

jimonade the Sneak (Naga Brigand)                   Turns: 2113, Time: 00:03:41

Health: -6/32      AC:  3    Str: 13    XL:     3   Next: 77%
Magic:  3/3        EV:  9    Int: 11    God:
Gold:   169        SH:  5    Dex: 14    Spells: 2/2 levels left

rFire   . . .      SeeInvis +    a - +2 dagger
rCold   . . .      Faith    .    (no shield)
rNeg    . . .      Spirit   .    b - +0 robe
rPois   +          Reflect  +    (no helmet)
rElec   .          Harm     .    c - +0 cloak
rCorr   .          Rampage  .    (no gloves)
Will    .....                    (no barding)
Stlth   ++++                     q - amulet of reflection
HPRegen 0.25/turn                (no ring)
MPRegen 0.08/turn                (no ring)

@: very slow
A: AC +1, large, see invisible, deformed body, poison resistance, slowness 2,
spit poison 1, naga tail 1
a: Spit Poison


You were on level 3 of the Dungeon.
You visited 1 branch of the dungeon, and saw 3 of its levels.

You collected 169 gold pieces.

Inventory:

Hand Weapons
 a - a +2 dagger (weapon)
 n - a +0 sling
 v - a +0 short sword
Missiles
 d - 14 poisoned darts (quivered)
 e - 3 curare-tipped darts
 g - 5 boomerangs
Armour
 b - a +0 robe (worn)
 c - a +0 cloak (worn)
 p - a +0 kite shield
 u - a +0 ring mail
 w - a +0 leather armour
Jewellery
 q - an amulet of reflection (around neck)
Scrolls
 f - 4 scrolls of teleportation {unknown}
 i - 2 scrolls of poison {unknown}
 l - a scroll of enchant weapon {unknown}
 m - a scroll of noise {unknown}
 o - a scroll of identify {unknown}
 r - a scroll of fog {unknown}
 s - a scroll of blinking {unknown}
 t - a scroll of vulnerability {unknown}
Potions
 h - 2 potions of curing {unknown}
 j - a potion of flight {unknown}
 k - a potion of attraction {unknown}


   Skills:
 - Level 2.0 Fighting
 + Level 2.4 Short Blades
 - Level 1.7 Throwing
 - Level 0.7 Dodging
 + Level 7.7 Stealth


You had 2 spell levels left.
You didn't know any spells.
Your spell library contained the following spells:

 Spells                   Type           Power      Damage    Failure   Level
 Inner Flame              Hex/Fire       0%         N/A       71%         3
 Flame Wave               Conj/Fire      0%         2d4       98%         4
 Sticky Flame             Conj/Fire      0%         2d3       98%         4


Dungeon Overview and Level Annotations

Branches:
Dungeon (3/15)

Altars:
Okawaru


Innate Abilities, Weirdness & Mutations

Your serpentine skin is tough. (AC +1)
You have supernaturally acute eyesight. (SInv)
Armour fits poorly on your strangely shaped body.
Your system is resistant to poisons. (rPois)
You cover ground very slowly.
You can spit poison.
You have a snake-like lower body.


Message History

You hit the worm.
The worm is moderately wounded.
The worm bites you!
* * * LOW HITPOINT WARNING * * *
You hit the worm.
The worm is moderately wounded.
The worm closely misses you.
You hit the worm.
The worm is heavily wounded.
You block the worm's attack.
You hit the worm.
The worm is heavily wounded.
The worm looks more healthy.
The worm bites you.
* * * LOW HITPOINT WARNING * * *
The worm bites you.
* * * LOW HITPOINT WARNING * * *
You barely miss the worm.
The worm is heavily wounded.
You have got your breath back.
You hit the worm.
The worm is severely wounded.
The worm barely misses you. You block the worm's attack.
You hit the worm.
The worm is severely wounded.
You barely miss the worm.
The worm is severely wounded.
The worm bites you.
* * * LOW HITPOINT WARNING * * *
The worm barely misses you.
You barely miss the worm.
The worm is severely wounded.
You hit the worm but do no damage.
The worm is severely wounded.
The worm bites you but does no damage. The worm completely misses you.
You barely miss the worm.
The worm is severely wounded.
You hit the worm. Your punch misses the worm.
The worm is almost dead.
The worm misses you. The worm bites you!
You die...

## ##. . ### ..#.
..# ... #.# #.# #.#
# #.###.#.# ####
#.....#.# # ...#
#.......#.... ##.#
#.##.@.......
#.#####.##.ww##.###
#............#
######.......#
#..##.....
#..##.###.
#######..##.# ..
.........##. .
#######)##


You could see 2 worms.

Vanquished Creatures
  An adder (D:2)
  A worm (D:2)
  A dart slug (D:1)
  4 orcs (D:3)
  3 endoplasms
  2 goblins
  3 jackals (D:3)
  2 kobolds
  A quokka (D:2)
  4 ball pythons
  3 bats
  2 frilled lizards
  3 rats
30 creatures vanquished.

Notes
Turn   | Place    | Note
-------+----------+-------------------------------------------
     0 | D:1      | jimonade the Naga Brigand began the quest for the Orb.
     0 | D:1      | Reached XP level 1. HP: 19/19 MP: 1/1
   344 | D:1      | Reached skill level 6 in Stealth
   877 | D:2      | Reached XP level 2. HP: 26/26 MP: 2/2
  1087 | D:2      | Reached skill level 7 in Stealth
  1338 | D:2      | Found an iron altar of Okawaru.
  1422 | D:2      | Reached XP level 3. HP: 19/32 MP: 3/3
  2113 | D:3      | Mangled by a worm

Illustrated notes

Levels and vault maps discovered:
D:1:      nicolae_arrival_somewhat_less_tricky_arrival, layout_loops_cross
D:2:      layout_basic, basic_altar, grunt_decor_fettered
D:3:      cheibrodos_greedy_goblins, layout_loops_ring, minmay_statues_item

Skill      XL: |  1  2 |
---------------+-------+-----
Stealth        | 6 7 |  7.7
Fighting       | |  2.0
Short Blades   | |  2.4
Throwing       | |  1.7
Dodging        | |  0.7

Action                     || total
---------------------------++-------
  Melee: Dagger            ||   130
         Punch             ||     1
Ability: Spit Poison       ||     2
   Stab: Sleeping          ||     7
         Distracted        ||     1
 Armour: Robe              ||    20
  Dodge: Dodged            ||    43
  Block: Other             ||    22

Table legend: (Time is in decaauts)
 A = Elapsed time spent in this place.
 B = Non-inter-level travel time spent in this place.
 C = Inter-level travel time spent in this place.
 D = Time resting spent in this place.
 E = Time spent auto-exploring this place.
 F = Levels seen in this place.
 G = Mean time per level.
                   A        B        C        D        E       F      G
               +--------+--------+--------+--------+--------+-----+--------+
         Total |   2698 |   2621 |     77 |    235 |   1916 |   3 |  899.3 |
       Dungeon |   2698 |   2621 |     77 |    235 |   1916 |   3 |  899.3 |
               +--------+--------+--------+--------+--------+-----+--------+

Top non-repeatable levels by time:
     D:2: 1319 daAuts
     D:1: 1040 daAuts
     D:3: 338 daAuts
